 Dungeon Crawl Stone Soup version 0.31-a0-365-gcf821cafb2 (webtiles) character file.

Game seed: 1180459676067454631

240 Shayle the Ruffian (level 6, -1/47 HPs)
             Began as a Gnoll Shapeshifter on July 27, 2023.
             Splashed by a jelly's acid (9 damage)
             ... in a sewer.
             The game lasted 00:05:50 (2266 turns).

Shayle the Ruffian (Gnoll Shapeshifter)             Turns: 2266, Time: 00:05:51

Health: -1/47      AC: -9    Str: 16    XL:     6   Next: 8%
Magic:  8/8        EV: 13    Int:  7    God:
Gold:   53         SH:  0    Dex: 13    Spells: 8/8 levels left

rFire   . .          .
                       - Unarmed
rCold   + . .        (no shield)
rNeg    . . .        a - +0 animal skin
rPois   .            (helmet currently unavailable)
rElec   .            (cloak currently unavailable)
rCorr   .            (gloves currently unavailable)
SInv    .            (boots currently unavailable)
Will    .....        (no amulet)
Stlth   +            i - ring of protection from cold
HPRegen 0.27/turn    (no ring)
MPRegen 0.11/turn

%: no passive effects
@: confused, beast-form, ambrosia-drunk, corroded, very slow
A: beast (slay +4), fangs 1, strong nose, distributed training
a: Begin Untransformation


You were in a sewer.
You were a hulking beast.
You visited 1 branch of the dungeon, and saw 3 of its levels.
You also visited: Sewer.

You collected 123 gold pieces.
You spent 70 gold pieces at shops.

Inventory:

Armour
 a - a +0 animal skin (worn)
 e - a +0 helmet
Jewellery
 i - a ring of protection from cold (left hand)
Talismans
 c - a beast talisman
Scrolls
 g - 4 scrolls of identify
 h - 2 scrolls of enchant armour {unknown}
 j - a scroll of vulnerability {unknown}
 k - 2 scrolls of teleportation
 m - a scroll of torment {unknown}
 o - a scroll of poison {unknown}
Potions
 b - a potion of attraction {unknown}
 d - 2 potions of brilliance
 l - a potion of degeneration {unknown}
 n - a potion of heal wounds {unknown}


   Skills:
 + Level 3.1 Fighting
 + Level 1.8 Short Blades
 + Level 1.8 Long Blades
 + Level 1.8 Axes
 + Level 1.8 Maces & Flails
 + Level 1.8 Polearms
 + Level 1.8 Staves
 + Level 1.8 Ranged Weapons
 + Level 1.8 Throwing
 + Level 1.8 Armour
 + Level 4.9 Dodging
 + Level 1.8 Stealth
 + Level 1.8 Shields
 + Level 6.8 Unarmed Combat
 + Level 1.8 Spellcasting
 + Level 1.4 Conjurations
 + Level 1.4 Hexes
 + Level 1.4 Summonings
 + Level 1.4 Necromancy
 + Level 1.4 Translocations
 + Level 1.4 Transmutations
 + Level 1.4 Fire Magic
 + Level 1.4 Ice Magic
 + Level 1.4 Air Magic
 + Level 1.4 Earth Magic
 + Level 1.4 Poison Magic
 + Level 2.0 Invocations
 + Level 1.8 Evocations
 + Level 6.7 Shapeshifting


You had 8 spell levels left.
You didn't know any spells.
Your spell library contained the following spells:

 Spells                   Type           Power      Damage    Failure   Level
 Foxfire                  Conj/Fire      8%         2x1d4     22%         1
 Sting                    Tmut/Pois      8%         1d3       22%         1
 Poisonous Vapours        Pois/Air       4%         N/A       32%         2
 Olgreb's Toxic Radiance  Pois           2%         N/A       91%         4
 Plasma Beam              Fire/Air       1%         2x1d11    100%        6
 Starburst                Conj/Fire      1%         6d3       100%        6


Dungeon Overview and Level Annotations

Branches:
Dungeon (3/15)              Sewer (1/1)

Altars:

Shops:
D:2 ?[[


Innate Abilities, Weirdness & Mutations

You are a hulking beast.
Your limbs bulge with bestial killing power. (Slay +4)
You have very sharp teeth.
Your uncanny sense of smell can sniff out nearby items.
Your experience applies equally to all skills.


Message History

Moving in this stuff is going to be slow.
A river rat comes into view.
Found a scroll labelled ESTACL ZUKI.
The river rat moves out of view.
A jelly comes into view.
The river rat closely misses you. The river rat bites you!
The river rat attacks as you move away! The river rat completely misses you.
You enter the shallow water.
Moving in this stuff is going to be slow.
The jelly quivers.
The river rat attacks as you move away! The river rat bites you.
The river rat completely misses you.
You closely miss the river rat. The river rat closely misses you.
You punch the river rat! You bite the river rat.
You kill the river rat!
You enter the shallow water.
Moving in this stuff is going to be slow.
The jelly hits you.
You are splashed with acid!
You see here a river rat corpse.
You hit the jelly. The acid corrodes you!
Your hands burn!
You bite the jelly.
The jelly is heavily wounded.
The jelly misses you.
Your unstable footing causes you to fumble your attack.
The jelly hits you. The acid corrodes you!
You are splashed with acid!
* * * LOW HITPOINT WARNING * * *
Your unstable footing causes you to fumble your attack.
The jelly jiggles.
The jelly hits you.
* * * LOW HITPOINT WARNING * * *
The acid corrodes you!
You are splashed with acid!
* * * LOW HITPOINT WARNING * * *
Unknown command.
It was a potion of ambrosia.
You are confused.
You feel invigorated. The jelly closely misses you.
You barely miss the jelly.
The jelly is heavily wounded.
The jelly hits you.
* * * LOW HITPOINT WARNING * * *
You are splashed with acid!
You die...

.~# #~~~#~~~..~.##
..# #.~.~..~..##
~.# ##.~~~.~.###
### ##..~...###
##.~~~~~~.##
#~.~~###~~~##
##รท~.##.##...#
###~~.##.~~##~~#
####~.~..#...~~Jh.#
...~.~~.##?.#~~..##
.~~~.#### ##.~##
###### ####


You could see a jelly.

Vanquished Creatures
  2 jellies (Sewer)
  An orc priest (D:3)
  2 adders (Sewer)
  2 river rats (Sewer)
  2 worms (D:3)
  3 dart slugs
  9 orcs (D:3)
  4 bats
  10 endoplasms
  7 giant cockroaches
  6 goblins
  10 hobgoblins
  A jackal (D:2)
  7 quokkas
  5 ball pythons
  6 frilled lizards
  5 kobolds
  8 rats
90 creatures vanquished.

Notes
Turn   | Place    | Note
-------+----------+-------------------------------------------
     0 | D:1      | Shayle the Gnoll Shapeshifter began the quest for the Orb.
     0 | D:1      | Reached XP level 1. HP: 17/17 MP: 1/1
    88 | D:1      | Reached XP level 2. HP: 23/23 MP: 2/2
   444 | D:1      | Reached XP level 3. HP: 28/28 MP: 3/3
   824 | D:2      | Reached skill level 1 in Invocations
   842 | D:2      | Found Edigeoph's Armour Boutique.
   854 | D:2      | Found Nughoome's Antique Armour Emporium.
  1242 | D:2      | Found Zoive's Magic Scroll Boutique.
  1245 | D:2      | Bought a scroll of identify for 28 gold pieces
  1245 | D:2      | Bought a scroll of teleportation for 42 gold pieces
  1297 | D:2      | Reached skill level 1 in Short Blades
  1297 | D:2      | Reached skill level 1 in Long Blades
  1297 | D:2      | Reached skill level 1 in Axes
  1297 | D:2      | Reached skill level 1 in Maces & Flails
  1297 | D:2      | Reached skill level 1 in Polearms
  1297 | D:2      | Reached skill level 1 in Staves
  1297 | D:2      | Reached skill level 1 in Ranged Weapons
  1297 | D:2      | Reached skill level 1 in Throwing
  1297 | D:2      | Reached skill level 1 in Armour
  1297 | D:2      | Reached skill level 1 in Stealth
  1297 | D:2      | Reached skill level 1 in Shields
  1297 | D:2      | Reached skill level 1 in Spellcasting
  1297 | D:2      | Reached skill level 1 in Evocations
  1483 | D:3      | Reached XP level 4. HP: 29/34 MP: 5/5
  1598 | D:3      | Reached skill level 1 in Conjurations
  1598 | D:3      | Reached skill level 1 in Hexes
  1598 | D:3      | Reached skill level 1 in Summonings
  1598 | D:3      | Reached skill level 1 in Necromancy
  1598 | D:3      | Reached skill level 1 in Translocations
  1598 | D:3      | Reached skill level 1 in Transmutations
  1598 | D:3      | Reached skill level 1 in Fire Magic
  1598 | D:3      | Reached skill level 1 in Ice Magic
  1598 | D:3      | Reached skill level 1 in Air Magic
  1598 | D:3      | Reached skill level 1 in Earth Magic
  1598 | D:3      | Reached skill level 1 in Poison Magic
  1793 | D:3      | Reached XP level 5. HP: 40/40 MP: 6/6
  1840 | D:3      | Found a glowing drain.
  1865 | Sewer    | Entered a sewer
  2172 | Sewer    | Reached XP level 6. HP: 47/47 MP: 8/8
  2204 | Sewer    | Found a viscous altar of Jiyva.
  2266 | Sewer    | Splashed by a jelly's acid

Illustrated notes

Levels and vault maps discovered:
D:1:      dpeg_arrival_simpleton_c, layout_loops_cross, minmay_domino_2
D:2:      layout_basic, serial_shops, nicolae_shop_rolled_up, shop,
          nicolae_shop_just_a_little_nook, grunt_decor_arrowhead,
          kennysheep_generic_room_15
D:3:      layout_loops_ring, mainiacjoe_overflow_paths,
          ebering_ecumenical_altar_sacrificial, cheibrodos_sewer_entry_bend,
          serial_shops, shop
Sewer:    sewer_hellmonk_slimy_pipes

Skill      XL: |  1  2  3  4  5 |
---------------+----------------+-----
Invocations    | 1 2 |  2.0
Short Blades   | 1 |  1.8
Long Blades    | 1 |  1.8
Axes           | 1 |  1.8
Maces & Flails | 1 |  1.8
Polearms       | 1 |  1.8
Staves         | 1 |  1.8
Ranged Weapons | 1 |  1.8
Throwing       | 1 |  1.8
Armour         | 1 |  1.8
Stealth        | 1 |  1.8
Shields        | 1 |  1.8
Spellcasting   | 1 |  1.8
Evocations     | 1 |  1.8
Conjurations   | 1 |  1.4
Hexes          | 1 |  1.4
Summonings     | 1 |  1.4
Necromancy     | 1 |  1.4
Translocations | 1 |  1.4
Transmutations | 1 |  1.4
Fire Magic     | 1 |  1.4
Ice Magic      | 1 |  1.4
Air Magic      | 1 |  1.4
Earth Magic    | 1 |  1.4
Poison Magic   | 1 |  1.4
Fighting       | 3 |  3.1
Dodging        | |  4.9
Unarmed Combat | |  6.8
Shapeshifting  | |  6.7

Action                     |  1- 3 |  4- 6 || total
---------------------------+-------+-------++-------
  Melee: Unarmed           |    87 |   103 ||   190
         Bite              |     3 |    10 ||    13
         Punch             |     2 |     2 ||     4
    Use: Potion            |     1 |     3 ||     4
   Stab: Sleeping          |     3 |     2 ||     5
 Armour: Animal skin       |    11 |     4 ||    15
         Skin              |    31 |     5 ||    36
  Dodge: Dodged            |    46 |    72 ||   118

Table legend: (Time is in decaauts)
 A = Elapsed time spent in this place.
 B = Non-inter-level travel time spent in this place.
 C = Inter-level travel time spent in this place.
 D = Time resting spent in this place.
 E = Time spent auto-exploring this place.
 F = Levels seen in this place.
 G = Mean time per level.
                   A        B        C        D        E       F      G
               +--------+--------+--------+--------+--------+-----+--------+
         Total |   2272 |   2241 |     31 |    310 |   1230 |   4 |  568.0 |
       Dungeon |   1850 |   1819 |     31 |    160 |   1130 |   3 |  616.7 |
         Sewer |    422 |    422 |      0 |    150 |    100 |   1 |  422.0 |
               +--------+--------+--------+--------+--------+-----+--------+

Top non-repeatable levels by time:
     D:1: 710 daAuts
     D:2: 686 daAuts
     D:3: 454 daAuts
   Sewer: 422 daAuts
